 Dungeon Crawl Stone Soup version 0.32-a0-893-gf85d74f360 (webtiles) character file.

Game seed: 7709739382595370989

4 porpoise the Vexing (level 1, 0/13 HPs)
             Began as a Demonspawn Enchanter on Apr 4, 2024.
             Constricted to death by a ball python (1 damage)
             ... on level 1 of the Dungeon.
             The game lasted 00:00:48 (114 turns).

porpoise the Vexing (Demonspawn Enchanter)           Turns: 114, Time: 00:00:49

Health: 0/13       AC:  2    Str:  8    XL:     1   Next: 50%
Magic:  3/3        EV:  1    Int: 15    God:
Gold:   8          SH:  0    Dex: 13    Spells: 4/4 levels left

rFire   . . .        a - +1 dagger
rCold   . . .        (no shield)
rNeg    . . .        b - +0 robe
rPois   .            (no helmet)
rElec   .            (no cloak)
rCorr   .            (no gloves)
SInv    .            (no boots)
Will    .....        (no amulet)
Stlth   ++           (no ring)
HPRegen 0.22/turn    (no ring)
MPRegen 0.08/turn

%: no passive effects
@: constricted
A: no striking features
a: no special abilities


You were on level 1 of the Dungeon.
You visited 1 branch of the dungeon, and saw 1 of its levels.

You collected 8 gold pieces.

Inventory:

Hand Weapons
 a - a +1 dagger (weapon)
Armour
 b - a +0 robe (worn)
Scrolls
 e - a scroll of blinking {unknown}
Potions
 c - 2 potions of invisibility
 d - a potion of berserk rage {unknown}


   Skills:
 + Level 1.0 Short Blades
 - Level 1.7 Dodging
 + Level 2.7 Stealth
 + Level 2.0 Spellcasting
 + Level 3.0 Hexes


You had 4 spell levels left.
You didn't know any spells.
Your spell library contained the following spells:

 Spells                   Type           Power      Damage    Failure   Level
 Ensorcelled Hibernation  Hex/Ice        12%        N/A       19%         2
 Confusing Touch          Hex            10%        N/A       19%         3
 Tukima's Dance           Hex            10%        N/A       19%         3
 Magic Dart               Conj           4%         1d3       22%         1
 Blink                    Tloc           2%         N/A       32%         2
 Call Imp                 Summ           2%         N/A       32%         2
 Dazzling Flash           Conj/Hex       12%        N/A       34%         3


Dungeon Overview and Level Annotations

Branches:
Dungeon (1/15)

Altars:


Message History

No target in view!
Found a ring mail.
Found a stone staircase leading down.
e - a scroll labelled EFORUA IPEZURREOF You now have 8 gold pieces.
A ball python comes into view.
A ball python is nearby!
Found a tubular ivory ring.
The ball python closely misses you. The ball python barely misses you.
You closely miss the ball python. The ball python bites you.
The ball python misses you.
You hit the ball python.
The ball python is heavily wounded.
The ball python bites you. The ball python grabs you.
The ball python constricts you.
You closely miss the ball python.
The ball python is heavily wounded.
The ball python bites you but does no damage.
The ball python constricts you.
You are too injured to fight recklessly!
You are too injured to fight recklessly!
You are too injured to fight recklessly!
You are too injured to fight recklessly!
You are too injured to fight recklessly!
You closely miss the ball python.
The ball python is heavily wounded.
The ball python bites you but does no damage.
The ball python constricts you.
You closely miss the ball python.
The ball python is heavily wounded.
The ball python bites you but does no damage.
The ball python constricts you. The ball python bites you.
The ball python constricts you.
* * * LOW HITPOINT WARNING * * *
You barely miss the ball python.
The ball python is heavily wounded.
The ball python bites you.
* * * LOW HITPOINT WARNING * * *
The ball python constricts you.
You die...

#. ##..........
..######.........# .#
#............?..#####.##
.....###......[....#...#
#...............!.......
##...............[......
#...........#.........=
#...............(......
#...........##.@S......
#..................#...#
....>...........##...# #
.####.....[..##.# .### #
#........##.# #
#........##..
#........###..
########## #


You could see a ball python.

Vanquished Creatures
  A dart slug (D:1)
  A giant cockroach (D:1)
2 creatures vanquished.

Notes
Turn   | Place    | Note
-------+----------+-------------------------------------------
     0 | D:1      | porpoise the Demonspawn Enchanter began the quest for the
                  | Orb.
     0 | D:1      | Reached XP level 1. HP: 13/13 MP: 3/3
    45 | D:1      | Reached skill level 1 in Short Blades
   114 | D:1      | Constricted to death by a ball python

Illustrated notes

Levels and vault maps discovered:
D:1:      dpeg_arrival_yet_another_circle, layout_rooms, serial_shops,
          nicolae_shop_waterfront, chequers_ecumenical_altar_simple_redux,
          minmay_tromino_v7

Skill      XL: |  1 |
---------------+----+-----
Short Blades   | 1 |  1.0
Dodging        | |  1.7
Stealth        | |  2.7
Spellcasting   | |  2.0
Hexes          | |  3.0

Action                     || total
---------------------------++-------
  Melee: Dagger            ||    15
 Armour: Robe              ||    14
  Dodge: Dodged            ||     8

Table legend: (Time is in decaauts)
 A = Elapsed time spent in this place.
 B = Non-inter-level travel time spent in this place.
 C = Inter-level travel time spent in this place.
 D = Time resting spent in this place.
 E = Time spent auto-exploring this place.
 F = Levels seen in this place.
 G = Mean time per level.
                   A        B        C        D        E       F      G
               +--------+--------+--------+--------+--------+-----+--------+
         Total |    113 |    113 |      0 |      0 |     80 |   1 |  113.0 |
       Dungeon |    113 |    113 |      0 |      0 |     80 |   1 |  113.0 |
               +--------+--------+--------+--------+--------+-----+--------+

Top non-repeatable levels by time:
     D:1: 113 daAuts
